 Dungeon Crawl Stone Soup version 0.30.0-29-ga12c61a403 (webtiles) character file.

Game seed: 13474543870413655502

62 seaoflcl the Covered (level 3, -3/33 HPs)
             Began as a Minotaur Fighter on June 10, 2023.
             Slain by an ogre
             ... wielding a +0 giant spiked club
              (7 damage)
             ... on level 4 of the Dungeon.
             The game lasted 00:01:47 (1717 turns).

seaoflcl the Covered (Minotaur Fighter)             Turns: 1717, Time: 00:01:47

Health: -3/33      AC: 11    Str: 22    XL:     3   Next: 85%
Magic:  2/2        EV:  9    Int:  5    God:
Gold:   184        SH:  4    Dex:  9    Spells: 2/2 levels left

rFire   . . .        a - +0 war axe
rCold   . . .        c - +0 buckler
rNeg    . . .        b - +0 scale mail
rPois   .            (helmet restricted)
rElec   .            (no cloak)
rCorr   .            (no gloves)
SInv    .            (no boots)
Will    .....        (no amulet) Stlth
                     o - +4 ring of protection
HPRegen 0.25/turn    (no ring)
MPRegen 0.08/turn

%: no passive effects
@: mighty
A: horns 2, retaliatory headbutt
a: no special abilities


You were on level 4 of the Dungeon.
You visited 1 branch of the dungeon, and saw 4 of its levels.

You collected 184 gold pieces.

Inventory:

Hand Weapons
 a - a +0 war axe (weapon)
Missiles
 n - 4 poisoned darts (quivered)
Armour
 b - a +0 scale mail (worn)
 c - a +0 buckler (worn)
Jewellery
 o - a +4 ring of protection (left hand)
Scrolls
 f - 2 scrolls of noise {unknown}
 g - 5 scrolls of identify {unknown}
 h - 2 scrolls of enchant weapon {unknown}
 i - a scroll of poison {unknown}
 k - a scroll of magic mapping {unknown}
 l - 2 scrolls of enchant armour {unknown}
 m - 2 scrolls of teleportation {unknown}
 p - a scroll of fear {unknown}
Potions
 e - 2 potions of mutation {unknown}
 j - a potion of berserk rage {unknown}


   Skills:
 + Level 4.1 Fighting
 * Level 3.7 Axes
 + Level 4.2 Armour
 + Level 4.1 Shields


You had 2 spell levels left.
You didn't know any spells.
Your spell library was empty.

Dungeon Overview and Level Annotations

Branches:
Dungeon (4/15)
 Temple: D:4-7

Altars:


Innate Abilities, Weirdness & Mutations

You have a pair of horns on your head.
You reflexively headbutt those who attack you in melee.


Message History

You block the kobold's attack.
You hit the kobold.
You kill the kobold!
No target in view!
No target in view!
No target in view!
No target in view!
No target in view!
No target in view!
There is a stone staircase leading up here.
l - 2 scrolls labelled EXOEM AR NIE (gained 1) Done exploring.
Done exploring.
Done exploring.
No target in view!
You see here an adder skeleton.
Things that are here:
a +0 short sword; a quokka skeleton; a kobold skeleton
There is a shaft here.
There is an escape hatch in the ceiling here.
There is a stone staircase leading down here.
You climb downwards.
The ogre shouts!
The ball python hisses angrily.
Found 10 gold pieces.
There is a stone staircase leading up here.
There are monsters nearby!
There are monsters nearby!
You hit the ball python.
You kill the ball python!
You slash the ogre!
The ogre is moderately wounded.
The ogre hits you with a +0 giant spiked club!!
Ouch! That really hurt!
* * * LOW HITPOINT WARNING * * *
You feel very mighty all of a sudden. The ogre barely misses you.
You closely miss the ogre. You headbutt the ogre!
The ogre is severely wounded.
The ogre hits you with a +0 giant spiked club!
You die...

........
...... .....
#...#
##...########
#............
#...O...$....
#...@<.......
##...##......
##### ...##
..# ... .. .


You could see an ogre.

Vanquished Creatures
  2 adders (D:3)
  A dart slug (D:3)
  7 ball pythons
  3 endoplasms (D:1)
  3 giant cockroaches
  4 goblins
  2 hobgoblins
  7 kobolds
  5 quokkas
  4 frilled lizards
  A rat (D:2)
39 creatures vanquished.

Notes
Turn   | Place    | Note
-------+----------+-------------------------------------------
     0 | D:1      | seaoflcl the Minotaur Fighter began the quest for the Orb.
     0 | D:1      | Reached XP level 1. HP: 19/19 MP: 0/0
   211 | D:1      | Reached XP level 2. HP: 27/27 MP: 1/1
   899 | D:2      | Reached XP level 3. HP: 29/33 MP: 2/2
  1710 | D:4      | Noticed an ogre
  1717 | D:4      | Slain by an ogre

Illustrated notes

Levels and vault maps discovered:
D:1:      dpeg_arrival_rooms_b, layout_basic, serial_aquarium,
          aquarium_bridge_long_joined [aquarium_subvault_wall,
          aquarium_subvault_wall, aquarium_subvault_bridge,
          aquarium_subvault_bridge, aquarium_subvault_window,
          aquarium_subvault_wall], aquarium_window_1, aquarium_window_corner,
          aquarium_window_corridor_2, aquarium_view_2b,
          chequers_serial_rivers_room_b
D:2:      layout_basic, kennysheep_generic_room_12
D:3:      layout_rooms
D:4:      layout_gridville, minmay_temple_entry_statues_fountains, serial_shops,
          nicolae_book_shop_shelving, kennysheep_generic_room_16, uniq_ijyb

Skill      XL: |  1  2  3 |
---------------+----------+-----
Axes           | 3 |  3.7
Shields        | 4 |  4.1
Armour         | 4 |  4.2
Fighting       | 4 |  4.1

Action                     || total
---------------------------++-------
  Melee: War axe           ||    68
         Headbutt          ||     7
    Use: Potion            ||     1
 Armour: Scale mail        ||    33
  Dodge: Dodged            ||    27
  Block: Buckler           ||    13
